 Dungeon Crawl Stone Soup version bcrawl-1.19.1 (webtiles) character file.

Game seed: 10026450292854167626

36948 Revguard the Basher (level 13, -3/132 HPs)
             Began as a Demonspawn Chaos Knight on Nov 26, 2019.
             Was a Plaything of Xom.
             Slain by a skeletal warrior
             ... wielding a +0 battleaxe
             ... led by a skeletal warrior
              (16 damage)
             ... on level 12 of the Dungeon.
             The game lasted 00:52:12 (12038 turns).

Revguard the Basher (Demonspawn Chaos Knight)      Turns: 12038, Time: 00:52:13

Health: -3/132     AC: 30    Str: 17    XL:     13   Next: 55%
Magic:  20/20      EV:  8    Int: 14    God:    Xom [*.....]
Gold:   56         SH:  0    Dex: 18    Spells: 12/12 levels left

rFire    + + +     SeeInvis .   F - +12 mace of the Fifty Hells {flame, rF+}
rCold    . . .     Gourm    .   (no shield)
rNeg     . . .     Faith    .   q - +5 plate armour of Vamnibip {rCorr}
rPois    +         Spirit   .   (helmet unavailable)
rElec    +         Reflect  .   E - +1 cloak {rPois}
rCorr    +         Harm     .   I - +2 pair of gloves {Str+3}
MR       .....                  (no boots)
Stlth    ..........             r - amulet of regeneration
HPRegen  0.72/turn              y - ring of insulation
MPRegen  0.17/turn              B - ring of protection from fire

@: about to teleport
A: horns 3, talons 1, molten scales 2, agile 1, fire resistance 1, nightstalker
1, robust 3, shaggy fur 1, spiny 2, wild magic 1, evolution 1
a: Renounce Religion


You were on level 12 of the Dungeon.
You worshipped Xom.
You were a special plaything of Xom.
You were not hungry.

You visited 2 branches of the dungeon, and saw 13 of its levels.
You also visited: Ossuary.

You collected 1273 gold pieces.
You spent 1217 gold pieces at shops.

Inventory:

Hand Weapons
 a - a +1 mace of chaos
 F - the +12 mace of the Fifty Hells (weapon) {flame, rF+}
   (You found it on level 9 of the Dungeon)

   It has been specially enchanted to burn those struck by it, causing extra
   injury to most foes and up to half again as much damage against particularly
   susceptible opponents.
   It protects you from fire.
Missiles
 p - 48 tomahawks
 C - 80 javelins (quivered)
 G - a throwing net {!f}
Armour
 q - the +5 plate armour of Vamnibip (worn) {rCorr}
   (You found it on level 4 of the Dungeon)

   It provides partial protection from all sources of acid and corrosion.
 E - a +1 cloak of poison resistance (worn)
 I - a +2 pair of gloves of strength (worn)
Jewellery
 f - an uncursed ring of resist corrosion
 n - a +3 ring of dexterity
 r - an amulet of regeneration (around neck)
 y - a ring of insulation (left hand)
 B - a ring of protection from fire (right hand)
Wands
 A - a wand of iceblast (19)
 H - a wand of polymorph (8)
Scrolls
 b - 2 scrolls of teleportation
 d - 3 scrolls of magic mapping
 e - 4 scrolls of remove curse
 g - 5 scrolls of enchant weapon
 k - 10 scrolls of identify
 m - 4 scrolls of enchant armour
 o - 3 scrolls of amnesia
 v - 4 scrolls of immolation
 w - 2 scrolls of brand weapon
 D - a scroll of fog
Potions
 i - 2 potions of mutation
 l - 2 potions of haste
 t - 3 potions of might
 u - a potion of invisibility {unknown}
 x - 3 potions of lignification
Miscellaneous
 h - a lamp of fire (inert)
Comestibles
 c - 25 rations {!d}
 z - 28 chunks of flesh


   Skills:
 + Level 9.7 Fighting
 + Level 12.4 Maces & Flails
 + Level 6.6 Throwing
 + Level 11.0 Armour
 + Level 3.9 Dodging
 * Level 9.5 Evocations


You had 12 spell levels left.
You didn't know any spells.
Your spell library contained the following spells:

 Spells                   Type           Power        Failure   Level  Hunger
 Beastly Appendage        Tmut           #.....       100%        1    ##.....
 Confuse                  Hex            #.......     100%        3    ####...
 Dazzling Spray           Conj/Hex       #.....       100%        3    ####...
 Fulminant Prism          Conj/Hex       #.........   100%        4    #####..
 Petrify                  Tmut/Erth      #.......     100%        4    #####..
 Yara's Violent Unravell  Hex/Tmut       #.........   100%        4    #####..
 Blade Hands              Tmut           #.........   100%        5    ######.
 Irradiate                Conj/Tmut      #.........   100%        5    ######.
 Metabolic Englaciation   Hex/Ice        #.........   100%        5    ######.
 Summon Mana Viper        Hex/Summ       #.......     100%        5    ######.
 Mana Rupture             Conj/Hex       #.........   100%        7    #######


Dungeon Overview and Level Annotations

Branches:
Dungeon (12/12)            Temple (1/1) D:6            Lair (0/6) D:9
    Orc (0/1) D:9          Depths (0/5) D:12
 Vaults: D:11-12

Altars:
Ashenzari
Cheibriados
Dithmenos
Elyvilon
Fedhas
Gozag
Hepliaklqana
Kikubaaqudgha
Lugonu
Makhleb
Nemelex Xobeh
Okawaru
Qazlal
Ru
Sif Muna
Trog
Uskayaw
Vehumet
Wu Jian
Xom
Yredelemnul
Zin
The Shining One

Shops:
D:5 ?   D:8 *[   D:9 *   D:11 (   D:12 [


Innate Abilities, Weirdness & Mutations

You have a pair of large horns on your head.
You are mostly covered in molten scales. (AC +3)
You are slightly more attuned to the shadows.
You are mostly covered in sharp spines.
You have sharp toenails.
You are agile. (Dex +2)
Your flesh is heat resistant. (rF+)
You are extremely robust. (+30% HP)
You are covered in fur. (AC +1)
Your spells are a little harder to cast, but a little more powerful.
You evolve.


Message History

You bump into the rock wall.
The skeletal warrior hits you from afar with a +0 trident!
* * * LOW HITPOINT WARNING * * *
The skeletal warrior closely misses you.
Your crimson imp closely misses the skeletal warrior.
Evoke which item? (* to show all) (? for menu, Esc to quit)
Okay, then.
You feel better.
You feel less invigorated.
The skeletal warrior hits you from afar with a +0 trident!
* * * LOW HITPOINT WARNING * * *
Your crimson imp hits the skeletal warrior but does no damage.
As you read the scroll of teleportation, it crumbles to dust.
You feel strangely unstable. The skeletal warrior barely misses you.
The skeletal warrior hits you but does no damage.
The skeletal warrior is struck by your spines.
You destroy the skeletal warrior!
Okay, then.
The skeletal warrior hits you with a +0 battleaxe!
You die...
Xom guffaws!

.......#...........####'###..#...
.......#.....................#...
....####............#####....#...
....#...............#...#....#...
....#####.......#####...'....#...
........#.......#.......#..[.#...
........#.......#.......#....#...
........#.....###.......#....###.
........#.....#.@.......'......#.
........#.....#.z.......#......#.
........#.....#z5§....#'#......'.
........#.....#§§z....#........#.
........#......§°☼....#........#.
........#........#'####........#.
........##........... ........'.
........)...###........ .......#.
........))).#(#......... ......#.


You could see 3 skeletal warriors and a friendly crimson imp.

Vanquished Creatures
  An ettin (D:12)
  A great orb of eyes (D:9)
  An ogre mage (D:9)
  Psyche (D:10)
  2 centaur warriors
  4 two-headed ogres
  A tengu warrior (D:9)
  Urug (D:12)
  A deep elf knight (D:12)
  2 skeletal warriors (D:12)
  A death drake (shapeshifter) (D:9)
  A wizard (D:12)
  2 wolf spider zombies
  4 orc knights (D:12)
  2 cyclopes
  4 ugly things
  A moth of wrath (D:11)
  2 orc sorcerers (D:12)
  Joseph (D:7)
  8 centaur zombies
  4 centaur skeletons
  A kobold demonologist (D:11)
  A redback zombie (D:12)
  2 tengu conjurers
  6 trolls
  A hornet (shapeshifter) (D:12)
  A blink frog (D:8)
  4 hippogriffs
  2 shadows
  2 wyverns
  A vampire (D:12)
  A human (D:5)
  8 yaks
  A basilisk (D:9)
  A hungry ghost (D:9)
  A hog (D:11)
  6 vampire mosquitoes
  A crocodile (D:12)
  A water moccasin (D:9)
  3 porcupines (D:9)
  8 orc warriors
  2 black bears (D:9)
  8 sky beasts
  3 eyes of draining
  A necrophage (D:10)
  5 ice beasts
  3 ogres
  4 centaurs
  6 bullfrogs
  An elf zombie (Ossuary)
  A gnoll sergeant (D:7)
  A wyvern zombie (D:9)
  5 scorpions
  A wyvern skeleton (D:10)
  17 killer bees
  A killer bee (shapeshifter) (D:6)
  A howler monkey (D:4)
  8 crimson imps
  4 bullfrog zombies
  6 hounds
  A quasit (D:9)
  5 jellies
  A jelly (shapeshifter) (D:6)
  A gnoll shaman (D:4)
  3 orc priests
  A human zombie (Ossuary)
  4 iguanas
  5 orc wizards
  5 worker ants
  3 ogre zombies (Ossuary)
  A hound skeleton (D:5)
  A howler monkey zombie (D:6)
  7 mummies (Ossuary)
  3 worker ant zombies
  Robin (D:2)
  14 adders
  12 gnolls
  8 adder zombies
  3 worms
  3 dart slugs
  28 orcs
  4 giant cockroaches
  2 gnoll zombies (D:9)
  8 goblins
  19 hobgoblins
  12 jackals
  4 quokkas
  7 bats
  A frilled lizard (D:2)
  6 goblin zombies (Ossuary)
  4 hobgoblin zombies (Ossuary)
  A jackal skeleton (D:7)
  A jackal zombie (D:3)
  7 kobolds
  3 kobold zombies (Ossuary)
  3 quokka zombies (Ossuary)
  2 rats (D:1)
  2 rat zombies (Ossuary)
371 creatures vanquished.

Vanquished Creatures (collateral kills)
  A hydra (D:11)
  A two-headed ogre (D:7)
  A centaur skeleton (D:11)
  A troll (D:7)
  3 hogs (D:11)
  3 yaks
  A porcupine (D:9)
  2 black bears
  A bullfrog (D:9)
  A big kobold (D:9)
  A killer bee (D:9)
  An iguana (D:11)
  A worker ant (D:7)
  4 gnolls (D:7)
  3 orcs
  2 kobolds (D:9)
27 creatures vanquished.

Vanquished Creatures (others)
  Kirke (D:11)
  2 hydras (D:11)
  Maurice (D:11)
  A komodo dragon (shapeshifter) (D:11)
  A human (D:11)
  An orc (D:11)
  7 fungi (D:9)
  A plant (D:9)
15 creatures vanquished.

Grand Total: 413 creatures vanquished

Notes
Turn   | Place    | Note
-------+----------+-------------------------------------------
     0 | D:1      | Revguard the Demonspawn Chaos Knight began the quest for
                  | the Orb.
     0 | D:1      | Reached XP level 1. HP: 18/18 MP: 1/1
    32 | D:1      | Reached skill level 1 in Dodging
   215 | D:1      | XOM: silly message
   316 | D:1      | Gained mutation: You are partially covered in molten
                  | scales. (AC +2) [demonic ancestry]
   316 | D:1      | Reached XP level 2. HP: 23/24 MP: 2/2
   373 | D:1      | Found a glowing golden altar of the Shining One.
   679 | D:2      | XOM: potion effect (might)
   680 | D:2      | Reached skill level 3 in Maces & Flails
   779 | D:2      | Noticed Robin
   783 | D:2      | Gained mutation: You have a pair of small horns on your
                  | head. [demonic ancestry]
   783 | D:2      | Reached XP level 3. HP: 29/29 MP: 3/3
   783 | D:2      | XOM: divination: magic mapping
   813 | D:2      | Killed Robin
   945 | D:2      | Found a stormy altar of Qazlal.
  1050 | D:2      | Gained mutation: You are partially covered in sharp spines.
                  | [demonic ancestry]
  1050 | D:2      | Reached XP level 4. HP: 31/35 MP: 4/4
  1069 | D:2      | XOM: summons 2 hostile demons
  1171 | D:2      | XOM: summons 4 hostile shadow creatures
  1274 | D:2      | Reached skill level 4 in Maces & Flails
  1782 | D:3      | Noticed an ice beast
  1788 | D:3      | XOM: smoke on damage
  1791 | D:3      | Killed an ice beast
  1791 | D:3      | Gained mutation: You are mostly covered in sharp spines.
                  | [demonic ancestry]
  1791 | D:3      | Reached XP level 5. HP: 16/42 MP: 5/5
  1932 | D:3      | XOM: cloud trail
  2509 | D:4      | Noticed a sky beast
  2514 | D:4      | XOM: swap monsters
  2528 | D:4      | Killed a sky beast
  2528 | D:4      | Reached XP level 6. HP: 48/48 MP: 6/6
  2573 | D:4      | XOM: noise
  2587 | D:4      | Reached skill level 5 in Maces & Flails
  2718 | D:4      | XOM: silly message
  2863 | D:4      | XOM: summons 3 hostile demons
  2880 | D:4      | Got a heavily runed plate armour
  2897 | D:4      | Identified the +5 plate armour of Vamnibip {rCorr} (You
                  | found it on level 4 of the Dungeon)
  3057 | D:4      | Reached XP level 7. HP: 54/54 MP: 7/7
  3060 | D:4      | Reached skill level 1 in Throwing
  3407 | D:3      | Found a snail-covered altar of Cheibriados.
  3435 | D:5      | XOM: stealth player
  3435 | D:5      | Entered Level 5 of the Dungeon
  3548 | D:5      | XOM: mild Ice miscast
  3627 | D:5      | Got a crude scale mail
  3632 | D:5      | Identified the +1 scale mail "Westatab" {rElec Str-4 Slay+6
                  | SInv} (You found it on level 5 of the Dungeon)
  3637 | D:5      | Gained mutation: You are robust. (+10% HP) [potion of
                  | mutation]
  3637 | D:5      | Gained mutation: Your flesh is cold resistant. (rC+)
                  | [potion of mutation]
  3647 | D:5      | XOM: mild Tmut miscast
  3650 | D:5      | Reached skill level 6 in Maces & Flails
  3661 | D:5      | Gained mutation: You have a pair of horns on your head.
                  | [demonic ancestry]
  3661 | D:5      | Reached XP level 8. HP: 48/67 MP: 8/8
  3763 | D:5      | Found Gompoeme's Magic Scroll Emporium.
  3767 | D:5      | Bought a scroll of enchant weapon for 112 gold pieces
  3767 | D:5      | Bought a scroll of identify for 30 gold pieces
  3767 | D:5      | Bought a scroll of magic mapping for 52 gold pieces
  3767 | D:5      | Bought a scroll of identify for 30 gold pieces
  3767 | D:5      | Bought a scroll of enchant armour for 112 gold pieces
  3767 | D:5      | Bought a scroll of magic mapping for 52 gold pieces
  3788 | D:5      | Found a glowing silver altar of Zin.
  4051 | D:5      | Found an ornate altar of the Wu Jian Council.
  4081 | D:5      | XOM: enchant monster (bad)
  4083 | D:5      | XOM: polymorph sky beast -> human
  4091 | D:5      | XOM: torment (33/67 hp)
  4093 | D:5      | Reached skill level 5 in Armour
  4095 | D:5      | Found a burning altar of Makhleb.
  4108 | D:5      | Reached skill level 1 in Evocations
  4123 | D:5      | XOM: harmless Tloc miscast
  4434 | D:5      | XOM: god gift: 23 gold pieces
  4633 | D:6      | XOM: 1-stop teleportation journey
  4655 | D:6      | XOM: medium Hex miscast
  4676 | D:6      | Found a staircase to the Ecumenical Temple.
  4685 | Temple   | Entered the Ecumenical Temple
  4887 | D:6      | XOM: polymorph killer bee -> jelly
  4896 | D:6      | Reached skill level 7 in Maces & Flails
  4904 | D:6      | Reached skill level 5 in Fighting
  4904 | D:6      | Gained mutation: You are slightly more attuned to the
                  | shadows. [demonic ancestry]
  4904 | D:6      | Reached XP level 9. HP: 65/74 MP: 9/11
  4987 | D:6      | XOM: cast spell 'Summon Butterflies'
  5101 | D:6      | XOM: polymorph orc warrior -> porcupine
  5114 | D:6      | XOM: give mutations
  5114 | D:6      | Gained mutation: You are agile. (Dex +2) [Xom's grace]
  5114 | D:6      | Gained mutation: You are somewhat resistant to further
                  | mutation. [Xom's grace]
  5114 | D:6      | Gained mutation: You are very robust. (+20% HP) [Xom's
                  | grace]
  5114 | D:6      | Gained mutation: You have sharp toenails. [Xom's grace]
  5346 | D:6      | Got a pitted dagger
  5387 | D:6      | Reached skill level 8 in Maces & Flails
  5648 | D:7      | Noticed Joseph
  5651 | D:7      | XOM: divination: magic mapping
  5660 | D:7      | Killed Joseph
  5735 | D:7      | XOM: divination: detect items
  5758 | D:7      | Noticed a two-headed ogre
  5763 | D:7      | Killed a two-headed ogre
  5771 | D:7      | Noticed a troll
  5776 | D:7      | Killed a troll
  5779 | D:7      | XOM: 2-stop teleportation journey
  5838 | D:7      | Got an ivory dagger
  5845 | D:7      | XOM: god gift: glowing quarterstaff {god gift}
  5873 | D:7      | Reached XP level 10. HP: 91/91 MP: 13/13
  5952 | D:7      | XOM: scenery: create altars
  6087 | D:7      | Reached skill level 9 in Maces & Flails
  6413 | D:7      | XOM: cloud trail
  6450 | D:8      | Found Umpuisod's Jewellery Shoppe.
  6455 | D:8      | XOM: destruction
  6479 | D:8      | Reached skill level 5 in Evocations
  6516 | D:8      | XOM: summons friendly crimson imp
  6519 | D:8      | XOM: summons friendly quasit
  6521 | D:8      | XOM: summons friendly quasit
  6528 | D:8      | XOM: summons friendly crimson imp
  6555 | D:8      | Found a sand-covered staircase.
  6560 | Ossuary  | Entered an ossuary
  7037 | D:8      | Found Hiniavus's General Store.
  7250 | D:8      | Found Qebyiwkul's Antique Armour Shop.
  7265 | D:8      | Bought a glowing cloak for 232 gold pieces
  7595 | D:9      | Found a staircase to the Lair.
  7604 | D:9      | Gained mutation: You have a pair of large horns on your
                  | head. [demonic ancestry]
  7604 | D:9      | Reached XP level 11. HP: 69/99 MP: 15/15
  7630 | D:9      | XOM: mild Ice miscast
  7718 | D:9      | Found Zeetseck's Assorted Antiques.
  7718 | D:9      | Noticed a tengu warrior
  7724 | D:9      | XOM: summons friendly ufetubus
  7737 | D:9      | XOM: noise
  7746 | D:9      | Killed a tengu warrior
  7784 | D:9      | Bought a scroll of enchant weapon for 202 gold pieces
  7784 | D:9      | Bought a potion of curing for 81 gold pieces
  7803 | D:9      | Noticed a great orb of eyes
  7804 | D:9      | XOM: butterfly on damage
  7817 | D:9      | Paralysed by a great orb of eyes for 2 turns
  7823 | D:9      | Paralysed by a great orb of eyes for 3 turns
  7824 | D:9      | XOM: divination: detect creatures
  7830 | D:9      | XOM: noise
  7989 | D:9      | Reached skill level 10 in Maces & Flails
  8043 | D:9      | XOM: cloud trail
  8067 | D:9      | Found a radiant altar of Vehumet.
  8104 | D:9      | Found a staircase to the Orcish Mines.
  8110 | D:9      | XOM: potion effect (brilliance)
  8115 | D:9      | XOM: potion effect (agility)
  8302 | D:9      | XOM: potion effect (agility)
  8334 | D:9      | Paralysed by a great orb of eyes for 4 turns
  8351 | D:9      | Paralysed by a great orb of eyes for 4 turns
  8359 | D:9      | Killed a great orb of eyes
  8371 | D:9      | XOM: cleaving
  8404 | D:9      | Identified the +3 robe "Ynearr" {rN+}
  8404 | D:9      | Noticed an ogre mage
  8413 | D:9      | Paralysed by an ogre mage for 2 turns
  8421 | D:9      | Killed an ogre mage
  8442 | D:9      | Noticed a brown ugly thing
  8465 | D:9      | Killed a brown ugly thing
  8465 | D:9      | Reached skill level 5 in Throwing
  8496 | D:9      | XOM: silly message
  8499 | D:9      | XOM: mild Tmut miscast
  8579 | D:9      | Got a shimmering mace
  8580 | D:9      | Identified the +12 mace of the Fifty Hells {flame, rF+}
                  | (You found it on level 9 of the Dungeon)
  8654 | D:9      | XOM: noise
  8679 | D:9      | Noticed a death drake
  8679 | D:9      | a salamander changed into a death drake
  8687 | D:9      | Killed a death drake
  8692 | D:9      | XOM: medium Necr miscast
  8740 | D:9      | Noticed a cyclops
  8746 | D:9      | Killed a cyclops
  8859 | D:9      | Found a basalt altar of Yredelemnul.
  8990 | D:10     | Entered Level 10 of the Dungeon
  9069 | D:10     | Noticed a white ugly thing
  9079 | D:10     | Killed a white ugly thing
  9240 | D:10     | Identified Qewych's Handbook of Enthralling Transmutation
  9252 | D:10     | XOM: confuse monster(s)
  9285 | D:10     | Noticed Psyche
  9285 | D:10     | XOM: confuse monster(s)
  9289 | D:10     | Killed Psyche
  9289 | D:10     | Reached XP level 12. HP: 110/110 MP: 17/17
  9374 | D:10     | XOM: harmless Pois miscast
  9381 | D:10     | XOM: harmless Tloc miscast
  9430 | D:10     | Reached skill level 11 in Maces & Flails
  9499 | D:10     | XOM: harmless Necr miscast
  9500 | D:10     | XOM: give mutations
  9500 | D:10     | Gained mutation: You are weak. (Str -2) [Xom's mischief]
  9500 | D:10     | Gained mutation: Your body sometimes deteriorates upon
                  | taking damage. [Xom's mischief]
  9500 | D:10     | Gained mutation: Scrolls take you a little longer to read.
                  | [Xom's mischief]
  9500 | D:10     | Gained mutation: Scrolls take you longer to read. [Xom's
                  | mischief]
  9653 | D:10     | Noticed a two-headed ogre
  9662 | D:10     | Killed a two-headed ogre
  9857 | D:10     | Lost mutation: Your flesh is cold resistant. (rC+) [potion
                  | of mutation]
  9857 | D:10     | Lost mutation: Your body sometimes deteriorates upon taking
                  | damage. [potion of mutation]
  9857 | D:10     | Lost mutation: You are agile. (Dex +2) [potion of mutation]
  9857 | D:10     | Lost mutation: Scrolls take you longer to read. [potion of
                  | mutation]
  9858 | D:10     | Lost mutation: Scrolls take you a little longer to read.
                  | [potion of mutation]
  9858 | D:10     | Lost mutation: You are somewhat resistant to further
                  | mutation. [potion of mutation]
  9858 | D:10     | Lost mutation: You have sharp toenails. [potion of
                  | mutation]
  9858 | D:10     | Lost mutation: You are weak. (Str -2) [potion of mutation]
  9858 | D:10     | Gained mutation: You are agile. (Dex +2) [potion of
                  | mutation]
  9858 | D:10     | Gained mutation: You evolve. [potion of mutation]
  9858 | D:10     | Gained mutation: You are mostly covered in molten scales.
                  | (AC +3) [potion of mutation]
  9890 | D:10     | XOM: mild Ice miscast
  9979 | D:11     | XOM: silly message
  9998 | D:11     | Noticed a six-headed hydra
  9998 | D:11     | XOM: severe Ice miscast
 10004 | D:11     | Killed a six-headed hydra
 10040 | D:11     | XOM: summons 4 hostile shadow creatures
 10041 | D:11     | Noticed a centaur warrior
 10062 | D:11     | XOM: give mutation
 10196 | D:11     | Noticed Maurice
 10197 | D:11     | XOM: enchant monster (bad)
 10215 | D:11     | Noticed a centaur warrior
 10217 | D:11     | Killed Maurice
 10218 | D:11     | Noticed a four-headed hydra
 10222 | D:11     | Killed a centaur warrior
 10230 | D:11     | Noticed a seven-headed hydra
 10237 | D:11     | XOM: confusion
 10238 | D:11     | XOM: blink monster(s)
 10243 | D:11     | Killed a seven-headed hydra
 10251 | D:11     | Noticed Kirke
 10254 | D:11     | Noticed a tengu warrior
 10274 | D:11     | XOM: summons friendly quasit
 10294 | D:11     | Killed Kirke
 10294 | D:11     | Reached skill level 10 in Armour
 10294 | D:11     | XOM: divine lightning
 10295 | D:11     | XOM: mild Summ miscast
 10296 | D:11     | XOM: scenery: create altars
 10339 | D:11     | a tengu warrior changed into a moth of wrath
 10481 | D:11     | XOM: medium Pois miscast
 10677 | D:11     | XOM: give mutations
 10677 | D:11     | Gained mutation: Your spells are a little harder to cast,
                  | but a little more powerful. [Xom's grace]
 10677 | D:11     | Gained mutation: You are covered in fur. (AC +1) [Xom's
                  | grace]
 10677 | D:11     | Gained mutation: You are extremely robust. (+30% HP) [Xom's
                  | grace]
 10677 | D:11     | Gained mutation: Your flesh is heat resistant. (rF+) [Xom's
                  | grace]
 10743 | D:11     | XOM: harmless Ice miscast
 10973 | D:11     | Found Kixkatro's Weapon Shoppe.
 11013 | D:12     | Entered Level 12 of the Dungeon
 11021 | D:12     | XOM: potion effect (agility)
 11212 | D:12     | Noticed a two-headed ogre
 11214 | D:12     | Noticed an ettin
 11225 | D:12     | Killed an ettin
 11228 | D:12     | Killed a two-headed ogre
 11228 | D:12     | Reached skill level 12 in Maces & Flails
 11228 | D:12     | Reached XP level 13. HP: 33/131 MP: 19/19
 11239 | D:12     | XOM: scenery: create altars
 11376 | D:12     | XOM: give mutation
 11376 | D:12     | Gained mutation: You have sharp toenails. [Xom's grace]
 11381 | D:12     | Found a staircase to the Depths.
 11428 | D:12     | XOM: fog
 11635 | D:12     | XOM: fog
 11654 | D:12     | Found Azaghuuxt's Antique Armour Shoppe.
 11657 | D:12     | Bought a pair of glowing gloves for 157 gold pieces
 11657 | D:12     | Bought a pair of embroidered gloves for 157 gold pieces
 11688 | D:12     | Got a faintly humming chain mail
 11830 | D:12     | XOM: confuse monster(s)
 11927 | D:12     | Noticed Urug
 11946 | D:12     | XOM: medium Chrm miscast
 11948 | D:12     | Killed Urug
 12015 | D:12     | XOM: summons 9 friendly demons
 12024 | D:12     | XOM: smoke on damage
 12038 | D:12     | Slain by a skeletal warrior

Skill      XL: |  1  2  3  4  5  6  7  8  9 10 11 12 13 |
---------------+----------------------------------------+-----
Dodging        | 1 2 3 |  3.9
Armour         | 2 3 4 5 6 7 9 10 11 | 11.0
Maces & Flails | 3 4 5 6 7 8 9 10 12 | 12.4
Fighting       | 4 5 6 7 9 |  9.7
Throwing       | 2 3 4 5 6 |  6.6
Evocations     | 2 4 6 7 8 9 |  9.5

Action                   |  1- 3 |  4- 6 |  7- 9 | 10-12 | 13-15 || total
-------------------------+-------+-------+-------+-------+-------++-------
Melee: Mace              |   118 |   128 |   182 |   534 |    99 ||  1061
       Headbutt          |     8 |    24 |    40 |   110 |    24 ||   206
       Kick              |       |       |    10 |   152 |    35 ||   197
       Unarmed           |       |       |       |     4 |       ||     4
Throw: Tomahawk          |       |    29 |    27 |    32 |    17 ||   105
       Javelin           |       |       |       |       |     6 ||     6
Evoke: Wand              |       |       |    14 |    22 |    10 ||    46
       Lamp of fire      |       |       |       |     1 |     1 ||     2
  Use: Potion            |       |     4 |     3 |    17 |     3 ||    27
       Scroll            |       |     1 |    11 |     8 |     1 ||    21
 Stab: Confused          |       |     2 |     1 |     5 |     1 ||     9
       Distracted        |       |       |     1 |       |       ||     1
       Petrified         |       |       |       |    12 |       ||    12
       Petrifying        |       |       |       |     2 |       ||     2
       Paralysed         |       |       |       |     3 |       ||     3
  Eat: Chunk             |       |     7 |     9 |    16 |     3 ||    35
       Ration            |       |       |       |     1 |       ||     1
Armor: Leather armour    |    25 |       |       |       |       ||    25
       Ring mail         |    44 |    71 |       |       |       ||   115
       Plate armour      |       |     6 |   160 |   477 |    81 ||   724
       Skin              |       |       |       |     9 |       ||     9
Dodge: Dodged            |    95 |    74 |    32 |   157 |    46 ||   404
